 Dungeon Crawl Stone Soup version 0.32-a0-975-g85d4e5bfdb (webtiles) character file.

Game seed: 10223064874907430906

4811 ezpacito the Trooper (level 10, 0/75 (76) HPs)
             Began as a Coglin Chaos Knight on Apr 19, 2024.
             Was a Plaything of Xom.
             Slain by a two-headed ogre
             ... wielding a +0 halberd
              (18 damage)
             ... in a bailey.
             The game lasted 00:09:13 (6886 turns).

ezpacito the Trooper (Coglin Chaos Knight)          Turns: 6886, Time: 00:09:13

HP:   0/75 (76)     AC: 12    Str: 17    XL:     10   Next: 48%
MP:   1/13          EV: 12    Int: 12    God:    Xom [..*...]
Gold: 328           SH:  0    Dex: 16    Spells: 5/14 levels left

rFire   + . .        a - +0 hand axe (chaos) {Isabel}
rCold   . . .        i - +3 trident (drain) {Theodoric}
rNeg    . . .        q - +2 ring mail {rF+}
rPois   +            x - +1 helmet of the Mertaur {Dex+3}
rElec   .            L - +0 cloak {rPois}
rCorr   .            (no gloves)
SInv    .            I - +0 pair of boots
Will    .....        (amulet unavailable)
Stlth   ++           (ring unavailable)
HPRegen 0.32/turn    (ring unavailable)
MPRegen 0.13/turn    (no gizmo)

%: no passive effects
@: studying Translocations, lightly drained
A: off-hand wielding, slow wielding, warmup strikes, no jewellery, MP-powered
wands
a: Invent Gizmo, Renounce Religion


You were in a bailey.
You worshipped Xom.
You were a toy of Xom.
You visited 2 branches of the dungeon, and saw 9 of its levels.
You also visited: Bailey.

You collected 493 gold pieces.
You spent 165 gold pieces at shops.

Inventory:

Hand Weapons
 a - a +0 hand axe of chaos (weapon) {Isabel}
 i - a +3 trident of draining (offhand) {Theodoric}
 B - a +0 orcbow
 F - a +0 war axe
Missiles
 b - 13 boomerangs (quivered)
 r - 13 poisoned darts
 C - 3 darts of dispersal
Armour
 g - a +0 plate armour
 q - a +2 ring mail of fire resistance (worn)
 x - the +1 helmet of the Mertaur (worn) {Dex+3}
   (You found it on level 4 of the Dungeon)

   Dex+3:     It affects your dexterity (+3).
 H - a +2 ring mail of cold resistance
 I - a +0 pair of boots (worn)
 L - a +0 cloak of poison resistance (worn)
Magical Staves
 E - a staff of fire
Talismans
 n - a flux talisman
Wands
 z - a wand of paralysis (2)
 D - a wand of digging (8)
Scrolls
 c - a scroll of butterflies
 e - 3 scrolls of immolation
 f - 2 scrolls of brand weapon
 j - 6 scrolls of enchant weapon
 o - a scroll of poison
 t - 4 scrolls of teleportation
 y - 2 scrolls of enchant armour
Potions
 h - 3 potions of haste
 k - a potion of ambrosia {unknown}
 m - a potion of brilliance {unknown}
 p - a potion of lignification
 s - 3 potions of enlightenment
 u - a potion of attraction
 v - 3 potions of mutation
 A - 2 potions of berserk rage
 J - 2 potions of degeneration {unknown}


   Skills:
 * Level 5.9 Fighting
 * Level 5.8(6.7) Axes
 * Level 4.4(5.6) Polearms
 + Level 2.6 Throwing
 * Level 4.7 Armour
 * Level 4.5 Dodging
 + Level 3.0 Stealth
 + Level 2.6 Unarmed Combat
 + Level 2.5 Spellcasting
 - Level 1.1 Hexes
 + Level 2.5 Summonings
 + Level 2.2 Necromancy
 + Level 3.2 Translocations
 - Level 1.4 Ice Magic
 + Level 2.6 Alchemy
 + Level 3.9 Evocations
 + Level 2.4 Shapeshifting


You had 5 spell levels left.
You knew the following spells:

 Your Spells              Type           Power      Damage    Failure   Level
a - Metabolic Englaciati  Hex/Ice        2%         N/A       100%        5
b - Necrotise             Necr           24%        1d5       19%         1
c - Sting                 Conj/Alch      16%        1d4       26%         1
d - Summon Small Mammal   Summ           28%        N/A       16%         1
g - Apportation           Tloc           18%        N/A       12%         1

Your spell library contained the following spells:

 Spells                   Type           Power      Damage    Failure   Level
 Summon Ice Beast         Ice/Summ       6%         N/A       52%         3
 Frozen Ramparts          Ice            8%         1d2       58%         3
 Ozocubu's Armour         Ice            4%         N/A       58%         3
 Summon Mana Viper        Hex/Summ       5%         N/A       99%         5
 Monstrous Menagerie      Summ           3%         N/A       100%        7


Dungeon Overview and Level Annotations

Branches:
Dungeon (8/15)             Temple (1/1) D:4          Bailey (1/1)
   Lair: D:8-11

Altars:
Ashenzari
Cheibriados
Dithmenos
Elyvilon
Fedhas
Gozag
Hepliaklqana
Kikubaaqudgha
Nemelex Xobeh
Okawaru
Qazlal
Ru
Sif Muna
Trog
Vehumet
Wu Jian
Xom
Yredelemnul
Zin
The Shining One
Beogh

Shops:
D:1 =   D:3 =!   D:4 [

Annotations:
D:3 3 runed translucent doors, retardedninja's ghost, amateur MDFi


Innate Abilities, Weirdness & Mutations

You can wield a second weapon in your off-hand.
It takes a long time for you to wield or remove held weapons.
Your first few attacks do less damage.
You cannot equip rings or amulets.
You expend magic power (3 MP) to strengthen your wands.


Message History

You hear a shout!
The two-headed ogre struggles to escape constriction.
You now have 0/13 mp.
Unknown command.
Aiming: Fastroot
Press: ? - help, Shift-Dir - straight line, f - two-headed ogre
Aim: a two-headed ogre, wielding two +0 halberds (heavily wounded, blind, unable to see you, constricted by roots)
The roots erupt in riotous growth!
The two-headed ogre is unaffected.
The grasping roots constrict the two-headed ogre!
The two-headed ogre escapes!
Aiming: Fastroot
Press: ? - help, Shift-Dir - straight line, f/p - two-headed ogre
Aim: a two-headed ogre, wielding two +0 halberds (severely wounded)
The roots erupt in riotous growth!
Roots grab the two-headed ogre.
The now-empty wand crumbles to dust.
The grasping roots constrict the two-headed ogre.
You hear an angry hiss.
The two-headed ogre escapes!
Throw: 13 boomerangs
Press: ? - help, Q - select action, (/) - cycle Shift-Dir - straight line, f/p - two-headed ogre
Aim: a two-headed ogre, wielding two +0 halberds (severely wounded, 75% to hit)
You throw a boomerang. The boomerang hits the two-headed ogre.
The two-headed ogre is almost dead.
The two-headed ogre barely misses you.
The two-headed ogre hits you from afar with a +0 halberd.
You take 3 damage, and have 26/75 hp.
Throw: 13 boomerangs
Press: ? - help, Q - select action, (/) - cycle Shift-Dir - straight line, f/p - two-headed ogre
Aim: a two-headed ogre, wielding two +0 halberds (almost dead, 75% to hit)
You throw a boomerang. The boomerang hits the two-headed ogre.
The two-headed ogre is almost dead.
The two-headed ogre closely misses you.
The two-headed ogre hits you from afar with a +0 halberd!
* * * LOW HITPOINT WARNING * * *
You take 9 damage, and have 17/75 hp.
The two-headed ogre attacks as it pursues you!
The two-headed ogre misses you.
The two-headed ogre hits you from afar with a +0 halberd!!
You die...

#....∩...∩....#
#...........##
##.........##
###~~~~~###
#~~~~~#
##~~~~~##
##.......##
##.).......#
##.@##♣####..#
##..## #..
##.O##O i #O
#..## i #.)#
#.)# #..♣ D
#..♣ #.)#


You could see a two-headed ogre.

Vanquished Creatures
  Jeremiah (D:7)
  A hornet (D:8)
  5 spriggans (Bailey)
  6 yaks (D:6)
  A water moccasin (D:7)
  2 black bears
  3 ice beasts
  5 ogres
  2 phantoms (D:5)
  4 centaurs
  4 scorpions
  Dowan (D:5)
  A howler monkey (D:7)
  2 hounds
  A jelly (D:5)
  2 gnoll boudas
  3 orc priests
  A sleepcap (D:5)
  Ijyb (D:4)
  4 iguanas
  6 orc wizards
  7 gnolls
  A river rat (D:7)
  10 adders
  A shadow imp (D:5)
  2 dart slugs
  2 ribbon worms
  15 orcs
  3 ball pythons
  5 bats
  6 endoplasms
  3 giant cockroaches
  9 goblins
  7 hobgoblins
  10 jackals
  5 quokkas
  2 frilled lizards
  5 kobolds
  5 rats
154 creatures vanquished.

Vanquished Creatures (collateral kills)
  An orc (D:8)
1 creature vanquished.

Vanquished Creatures (others)
  Duvessa (D:5)
  An orc warrior (D:8)
  A jelly zombie (D:5)
  An endoplasm (D:4)
4 creatures vanquished.

Grand Total: 159 creatures vanquished

Notes
Turn   | Place    | Note
-------+----------+-------------------------------------------
     0 | D:1      | ezpacito the Coglin Chaos Knight began the quest for the
                  | Orb.
     0 | D:1      | Reached XP level 1. HP: 18/18 MP: 1/1
    26 | D:1      | Reached skill level 1 in Dodging
    47 | D:1      | Reached XP level 2. HP: 24/24 MP: 2/2
   133 | D:1      | XOM: silly message
   221 | D:1      | XOM: give mutation
   221 | D:1      | Gained mutation: You expend magic power (3 MP) to
                  | strengthen your wands. [Xom's grace]
   423 | D:1      | Found Wulas's One-of-a-Kind Rings.
   466 | D:1      | XOM: 2-stop teleportation journey
   587 | D:1      | Reached XP level 3. HP: 29/29 MP: 3/3
   634 | D:1      | XOM is BORED!
   983 | D:2      | Reached skill level 1 in Polearms
   983 | D:2      | Reached XP level 4. HP: 35/35 MP: 4/4
  1073 | D:2      | Reached skill level 1 in Stealth
  1120 | D:2      | XOM: scenery: summon butterflies
  1204 | D:2      | XOM is BORED!
  1204 | D:2      | XOM: silly message
  1433 | D:3      | Found a roughly hewn altar of Beogh.
  1433 | D:3      | XOM: potion effect (might)
  1554 | D:3      | XOM: silly message
  1600 | D:3      | Reached XP level 5. HP: 37/41 MP: 5/5
  2083 | D:3      | Found Sexaecua's Distillery.
  2100 | D:3      | Bought a potion of heal wounds for 55 gold pieces
  2100 | D:3      | Bought a potion of might for 44 gold pieces
  2100 | D:3      | Bought a potion of lignification for 33 gold pieces
  2100 | D:3      | Bought a potion of attraction for 33 gold pieces
  2222 | D:3      | Found Senenal's Jewellery Boutique.
  2438 | D:3      | XOM: enchant monster (bad)
  2496 | D:3      | Found a runed translucent gate.
  2496 | D:3      | Noticed retardedninja's ghost (amateur MDFi)
  2497 | D:3      | Found a runed translucent gate.
  2499 | D:3      | Found a runed translucent gate.
  2595 | D:3      | Found a roughly hewn altar of Beogh.
  2644 | D:4      | Noticed Ijyb
  2656 | D:4      | XOM: smoke on damage
  2658 | D:4      | Killed Ijyb
  2660 | D:4      | Reached skill level 1 in Spellcasting
  2877 | D:4      | Learned a level 5 spell: Metabolic Englaciation
  2917 | D:4      | Reached XP level 6. HP: 36/47 MP: 7/7
  2974 | D:4      | Identified the +1 helmet of the Mertaur {Dex+3}
  3340 | D:4      | XOM: scenery: summon butterflies
  3449 | D:4      | Found Dioger's Antique Armour Boutique.
  3513 | D:4      | Found a staircase to the Ecumenical Temple.
  3522 | Temple   | Entered the Ecumenical Temple
  3713 | D:5      | Entered Level 5 of the Dungeon
  3823 | D:5      | XOM: god gift: 5 boomerangs
  3842 | D:5      | XOM: summons 3 friendly demons
  3852 | D:5      | Reached skill level 1 in Evocations
  3913 | D:5      | Noticed Duvessa
  3913 | D:5      | Noticed Dowan
  3916 | D:5      | XOM: summons friendly shadow imp
  3935 | D:5      | Killed Duvessa
  3936 | D:5      | Reached skill level 1 in Throwing
  3936 | D:5      | Reached XP level 7. HP: 37/53 MP: 1/8
  3939 | D:5      | XOM: potion effect (brilliance)
  3945 | D:5      | Reached skill level 1 in Ice Magic
  3950 | D:5      | Killed Dowan
  3951 | D:5      | Reached skill level 1 in Unarmed Combat
  4178 | D:5      | Reached skill level 1 in Hexes
  4178 | D:5      | Reached XP level 8. HP: 26/60 MP: 10/10
  4448 | D:5      | XOM: summons friendly crimson imp
  4528 | D:5      | Learned a level 1 spell: Apportation
  4530 | D:5      | Learned a level 1 spell: Necrotise
  4532 | D:5      | Learned a level 1 spell: Sting
  4534 | D:5      | Learned a level 1 spell: Summon Small Mammal
  4858 | D:6      | Reached skill level 1 in Shapeshifting
  4858 | D:6      | XOM: fog
  4876 | D:6      | Noticed a yak
  4877 | D:6      | Noticed a yak
  4879 | D:6      | XOM: potion effect (attraction)
  4887 | D:6      | XOM: divination: detect creatures
  4891 | D:6      | Killed a yak
  4935 | D:6      | Reached skill level 1 in Translocations
  4972 | D:6      | Noticed a yak
  4972 | D:6      | Noticed a yak
  4973 | D:6      | Noticed a yak
  4975 | D:6      | Noticed a yak
  4978 | D:6      | Killed a yak
  4978 | D:6      | Killed a yak
  4979 | D:6      | Reached skill level 5 in Axes
  4979 | D:6      | Reached skill level 1 in Summonings
  4979 | D:6      | Reached skill level 1 in Necromancy
  4979 | D:6      | Reached skill level 1 in Alchemy
  4979 | D:6      | Reached XP level 9. HP: 42/67 MP: 4/12
  4983 | D:6      | Reached skill level 5 in Fighting
  5180 | D:6      | XOM: potion effect (haste)
  5955 | D:7      | XOM: god gift: iron ring {god gift}
  5978 | D:7      | XOM: cleaving
  5980 | D:7      | XOM: polymorph ogre -> jackal
  6027 | D:7      | XOM: polymorph ice beast -> howler monkey
  6056 | D:7      | XOM: 1-stop teleportation journey
  6232 | D:7      | XOM: cleaving
  6424 | D:7      | Noticed Jeremiah
  6431 | D:7      | Killed Jeremiah
  6432 | D:7      | Reached XP level 10. HP: 64/75 MP: 3/13
  6475 | D:7      | XOM: divination: detect items
  6593 | D:7      | Found a runed translucent door.
  6594 | D:7      | Noticed Crazy Yiuf
  6600 | D:7      | Crazy Yiuf changed into Crazy Yiuf the river rat
  6600 | D:7      | Noticed Crazy Yiuf
  6600 | D:7      | Killed Crazy Yiuf the river rat
  6713 | D:8      | Found a flagged portal.
  6758 | Bailey   | Entered a bailey
  6781 | Bailey   | XOM: smoke on damage
  6785 | Bailey   | XOM: divination: detect creatures
  6801 | Bailey   | XOM: cast spell 'Fugue of the Fallen'
  6874 | Bailey   | Noticed a two-headed ogre
  6886 | Bailey   | Slain by a two-headed ogre

Illustrated notes

Levels and vault maps discovered:
D:1:      erik_arrival_blinker_ship, layout_basic, nicolae_shop_unique_rings,
          interstate_on_off
D:2:      layout_rooms, kennysheep_doodads
D:3:      wad_lake_hut, layout_basic, serial_shops, shop,
          nicolae_shop_industrial_runoff, biasface_ghost_orc_armoury,
          kennysheep_orc_chapel
D:4:      layout_loops_ring, lemuel_temple_firewalk_b, serial_shops,
          kennysheep_little_box, uniq_ijyb
D:5:      minmay_opposing_rooms, layout_rooms, uniq_duvessa
D:6:      layout_loops_corners, minmay_manual_mares
D:7:      layout_basic, uniq_jeremiah, uniq_crazy_yiuf_cottage
D:8:      wad_statue_garden, layout_rooms, enter_bailey_5,
          dilly_guarded_unrand_morg
Temple:   nicolae_temple_bog_church
Bailey:   bailey_polearm_enchanted_keep_hellmonk, bailey

Skill      XL: |  1  2  3  4  5  6  7  8  9 10 |
---------------+-------------------------------+-----
Dodging        | 1 2 3 4 |  4.5
Armour         | 2 3 4 |  4.7
Polearms       | 1 2 3 4 |  4.4
Stealth        | 1 2 3 |  3.0
Spellcasting   | 1 2 |  2.5
Evocations     | 1 2 3 |  3.9
Axes           | 4 5 |  5.8
Throwing       | 1 2 |  2.6
Ice Magic      | 1 |  1.4
Unarmed Combat | 1 2 |  2.6
Fighting       | 4 5 |  5.9
Hexes          | 1 |  1.1
Shapeshifting  | 1 2 |  2.4
Translocations | 1 2 3 |  3.2
Summonings     | 1 2 |  2.5
Necromancy     | 1 2 |  2.2
Alchemy        | 1 2 |  2.6

Action                     |  1- 3 |  4- 6 |  7- 9 | 10-12 || total
---------------------------+-------+-------+-------+-------++-------
  Melee: Hand axe          |    54 |   128 |   161 |    47 ||   390
         Dagger            |    49 |     3 |       |       ||    52
         Rapier            |       |   121 |    37 |       ||   158
         Spear             |       |       |   135 |       ||   135
         Trident           |       |       |       |    51 ||    51
  Throw: Boomerang         |       |       |       |     2 ||     2
  Evoke: Wand              |       |     3 |    10 |    11 ||    24
    Use: Scroll            |       |     6 |     5 |     1 ||    12
         Potion            |       |     2 |     3 |     2 ||     7
   Stab: Invisible         |       |     2 |     6 |     1 ||     9
         Sleeping          |       |       |     5 |       ||     5
         Held in net/web   |       |       |     2 |       ||     2
         Paralysed         |       |       |     1 |       ||     1
         Petrified         |       |       |     7 |       ||     7
         Petrifying        |       |       |     2 |       ||     2
         Confused          |       |       |       |     1 ||     1
 Armour: Leather armour    |    36 |     2 |       |       ||    38
         Chain mail        |       |    64 |       |       ||    64
         Ring mail         |       |    31 |   151 |    42 ||   224
  Dodge: Dodged            |    30 |    62 |   103 |    42 ||   237

Table legend: (Time is in decaauts)
 A = Elapsed time spent in this place.
 B = Non-inter-level travel time spent in this place.
 C = Inter-level travel time spent in this place.
 D = Time resting spent in this place.
 E = Time spent auto-exploring this place.
 F = Levels seen in this place.
 G = Mean time per level.
                   A        B        C        D        E       F      G
               +--------+--------+--------+--------+--------+-----+--------+
         Total |   6888 |   6500 |    388 |    212 |   5030 |  10 |  688.8 |
       Dungeon |   6756 |   6369 |    387 |    147 |   5030 |   8 |  844.5 |
        Temple |      1 |      1 |      0 |      0 |      0 |   1 |    1.0 |
        Bailey |    129 |    129 |      0 |     65 |      0 |   1 |  129.0 |
               +--------+--------+--------+--------+--------+-----+--------+

Top non-repeatable levels by time:
     D:3: 1233 daAuts
     D:6: 1129 daAuts
     D:4: 1088 daAuts
     D:7: 885 daAuts
     D:5: 875 daAuts
     D:1: 849 daAuts
     D:2: 572 daAuts
  Bailey: 129 daAuts
     D:8: 121 daAuts
  Temple: 1 daAuts
